Workbook

Sheet Sheet2
A1: var_names_raw | B1: var_names | C1: var_labels | D1: curation | E1: del
A2: start | B2: =VLOOKUP(A2,Sheet3!A:G,4, FALSE) -> start | C2: =VLOOKUP(A2,Sheet3!A:G,4,FALSE) -> start | D2: =VLOOKUP(A2,Sheet3!A:G,5,FALSE) -> 0 | E2: =VLOOKUP(A2,Sheet3!A:G,6,FALSE) -> x
A3: end | B3: =VLOOKUP(A3,Sheet3!A:G,3, FALSE) -> end | C3: =VLOOKUP(A3,Sheet3!A:G,4,FALSE) -> end | D3: =VLOOKUP(A3,Sheet3!A:G,5,FALSE) -> 0 | E3: =VLOOKUP(A3,Sheet3!A:G,6,FALSE) -> x
A4: today | B4: =VLOOKUP(A4,Sheet3!A:G,3, FALSE) -> today | C4: =VLOOKUP(A4,Sheet3!A:G,4,FALSE) -> today | D4: =VLOOKUP(A4,Sheet3!A:G,5,FALSE) -> 0 | E4: =VLOOKUP(A4,Sheet3!A:G,6,FALSE) -> x
A5: username | B5: =VLOOKUP(A5,Sheet3!A:G,3, FALSE) -> username | C5: =VLOOKUP(A5,Sheet3!A:G,4,FALSE) -> username | D5: =VLOOKUP(A5,Sheet3!A:G,5,FALSE) -> 0 | E5: =VLOOKUP(A5,Sheet3!A:G,6,FALSE) -> x
A6: deviceid | B6: =VLOOKUP(A6,Sheet3!A:G,3, FALSE) -> deviceid | C6: =VLOOKUP(A6,Sheet3!A:G,4,FALSE) -> deviceid | D6: =VLOOKUP(A6,Sheet3!A:G,5,FALSE) -> 0 | E6: =VLOOKUP(A6,Sheet3!A:G,6,FALSE) -> x
A7: What type of survey/Communication activity are you conducting? | B7: =VLOOKUP(A7,Sheet3!A:G,3, FALSE) -> Communication_activity_are_you_conducting | C7: =VLOOKUP(A7,Sheet3!A:G,4,FALSE) -> What type of survey/Communication activity are you conducting? | D7: =VLOOKUP(A7,Sheet3!A:G,5,FALSE) -> 0 | E7: =VLOOKUP(A7,Sheet3!A:G,6,FALSE) -> 0
A8: Do not read out the options but listen to the interviewee and choose the most applicable options for all questions | B8: =VLOOKUP(A8,Sheet3!A:G,3, FALSE) -> Do_not_read_out_the_options_but_listen_to_the_interviewee_and_choose_the_most_applicable_options_for_all_questions | C8: =VLOOKUP(A8,Sheet3!A:G,4,FALSE) -> Do not read out the options but listen to the interviewee and choose the most applicable options for all questions | D8: =VLOOKUP(A8,Sheet3!A:G,5,FALSE) -> 0 | E8: =VLOOKUP(A8,Sheet3!A:G,6,FALSE) -> x
A9: METADATA: to be filled in by Interviewer BEFORE the interview/Organization of Monitor | B9: =VLOOKUP(A9,Sheet3!A:G,3, FALSE) -> Organization_of_Monitor | C9: =VLOOKUP(A9,Sheet3!A:G,4,FALSE) -> METADATA: to be filled in by Interviewer BEFORE the interview/Organization of Monitor | D9: =VLOOKUP(A9,Sheet3!A:G,5,FALSE) -> 0 | E9: =VLOOKUP(A9,Sheet3!A:G,6,FALSE) -> x
A10: METADATA: to be filled in by Interviewer BEFORE the interview/Name of other organization | B10: =VLOOKUP(A10,Sheet3!A:G,3, FALSE) -> Name_of_other_organization | C10: =VLOOKUP(A10,Sheet3!A:G,4,FALSE) -> METADATA: to be filled in by Interviewer BEFORE the interview/Name of other organization | D10: =VLOOKUP(A10,Sheet3!A:G,5,FALSE) -> 0 | E10: =VLOOKUP(A10,Sheet3!A:G,6,FALSE) -> 0
A11: METADATA: to be filled in by Interviewer BEFORE the interview/Interviewer Name | B11: =VLOOKUP(A11,Sheet3!A:G,3, FALSE) -> Interviewer_Name | C11: =VLOOKUP(A11,Sheet3!A:G,4,FALSE) -> METADATA: to be filled in by Interviewer BEFORE the interview/Interviewer Name | D11: =VLOOKUP(A11,Sheet3!A:G,5,FALSE) -> 0 | E11: =VLOOKUP(A11,Sheet3!A:G,6,FALSE) -> x
A12: METADATA: to be filled in by Interviewer BEFORE the interview/Interviewer Gender | B12: =VLOOKUP(A12,Sheet3!A:G,3, FALSE) -> Interviewer_Gender | C12: =VLOOKUP(A12,Sheet3!A:G,4,FALSE) -> METADATA: to be filled in by Interviewer BEFORE the interview/Interviewer Gender | D12: =VLOOKUP(A12,Sheet3!A:G,5,FALSE) -> 0 | E12: =VLOOKUP(A12,Sheet3!A:G,6,FALSE) -> x
A13: METADATA: to be filled in by Interviewer BEFORE the interview/Province where interview is occurring | B13: =VLOOKUP(A13,Sheet3!A:G,3, FALSE) -> Province_where_interview_is_occurring | C13: =VLOOKUP(A13,Sheet3!A:G,4,FALSE) -> METADATA: to be filled in by Interviewer BEFORE the interview/Province where interview is occurring | D13: =VLOOKUP(A13,Sheet3!A:G,5,FALSE) -> 0 | E13: =VLOOKUP(A13,Sheet3!A:G,6,FALSE) -> x
A14: METADATA: to be filled in by Interviewer BEFORE the interview/District | B14: =VLOOKUP(A14,Sheet3!A:G,3, FALSE) -> District | C14: =VLOOKUP(A14,Sheet3!A:G,4,FALSE) -> METADATA: to be filled in by Interviewer BEFORE the interview/District | D14: =VLOOKUP(A14,Sheet3!A:G,5,FALSE) -> 0 | E14: =VLOOKUP(A14,Sheet3!A:G,6,FALSE) -> x
... A136: Survey/Access to Services/If you are a recipient of food assistance, have you faced any constraints to access your food entitlements?/No issue faced | B136: =VLOOKUP(A136,Sheet3!A:G,3, FALSE) -> Access_to_Services_If_you_are_a_recipient_of_food_assistance,_have_you_faced_any_constraints_to_access_your_food_entitlements_No_issue_faced | C136: =VLOOKUP(A136,Sheet3!A:G,4,FALSE) -> Survey/Access to Services/If you are a recipient of food assistance, have you faced any constraints to access your food entitlements?/No issue faced | D136: =VLOOKUP(A136,Sheet3!A:G,5,FALSE) -> 0 | E136: =VLOOKUP(A136,Sheet3!A:G,6,FALSE) -> 0
A137: Survey/Access to Services/If you are a recipient of food assistance, have you faced any constraints to access your food entitlements?/Lack of transportation available to the food distribution point/unable to pay for transportation to the food distribution point | B137: Survey_Access_to_Services_Food_Assistance_Constraints_Lack_of_Transportation_or_Unable_to_Pay | C137: =VLOOKUP(A137,Sheet3!A:G,4,FALSE) -> #VALUE! | D137: =VLOOKUP(A137,Sheet3!A:G,5,FALSE) -> #VALUE! | E137: =VLOOKUP(A137,Sheet3!A:G,6,FALSE) -> #VALUE!
A138: Survey/Access to Services/If you are a recipient of food assistance, have you faced any constraints to access your food entitlements?/Discrimination and exclusion at food distribution points | B138: =VLOOKUP(A138,Sheet3!A:G,3, FALSE) -> Access_to_Services_If_you_are_a_recipient_of_food_assistance,_have_you_faced_any_constraints_to_access_your_food_entitlements_Discrimination_and_exclusion_at_food_distribution_points | C138: =VLOOKUP(A138,Sheet3!A:G,4,FALSE) -> Survey/Access to Services/If you are a recipient of food assistance, have you faced any constraints to access your food entitlements?/Discrimination and exclusion at food distribution points | D138: =VLOOKUP(A138,Sheet3!A:G,5,FALSE) -> 0 | E138: =VLOOKUP(A138,Sheet3!A:G,6,FALSE) -> 0
A139: Survey/Access to Services/If you are a recipient of food assistance, have you faced any constraints to access your food entitlements?/Food distribution points are unsafe/over-crowded | B139: =VLOOKUP(A139,Sheet3!A:G,3, FALSE) -> Access_to_Services_If_you_are_a_recipient_of_food_assistance,_have_you_faced_any_constraints_to_access_your_food_entitlements_Food_distribution_points_are_unsafe_over_crowded | C139: =VLOOKUP(A139,Sheet3!A:G,4,FALSE) -> Survey/Access to Services/If you are a recipient of food assistance, have you faced any constraints to access your food entitlements?/Food distribution points are unsafe/over-crowded | D139: =VLOOKUP(A139,Sheet3!A:G,5,FALSE) -> 0 | E139: =VLOOKUP(A139,Sheet3!A:G,6,FALSE) -> 0
A140: Survey/Access to Services/If you are a recipient of food assistance, have you faced any constraints to access your food entitlements?/Lack of information on distribution locations, dates and time | B140: =VLOOKUP(A140,Sheet3!A:G,3, FALSE) -> Access_to_Services_If_you_are_a_recipient_of_food_assistance,_have_you_faced_any_constraints_to_access_your_food_entitlements_Lack_of_information_on_distribution_locations,_dates_and_time | C140: =VLOOKUP(A140,Sheet3!A:G,4,FALSE) -> Survey/Access to Services/If you are a recipient of food assistance, have you faced any constraints to access your food entitlements?/Lack of information on distribution locations, dates and time | D140: =VLOOKUP(A140,Sheet3!A:G,5,FALSE) -> 0 | E140: =VLOOKUP(A140,Sheet3!A:G,6,FALSE) -> 0
A141: Survey/Access to Services/If you are a recipient of food assistance, have you faced any constraints to access your food entitlements?/Lack of identity documentation/lost ration card | B141: =VLOOKUP(A141,Sheet3!A:G,3, FALSE) -> Access_to_Services_If_you_are_a_recipient_of_food_assistance,_have_you_faced_any_constraints_to_access_your_food_entitlements_Lack_of_identity_documentation_lost_ration_card | C141: =VLOOKUP(A141,Sheet3!A:G,4,FALSE) -> Survey/Access to Services/If you are a recipient of food assistance, have you faced any constraints to access your food entitlements?/Lack of identity documentation/lost ration card | D141: =VLOOKUP(A141,Sheet3!A:G,5,FALSE) -> 0 | E141: =VLOOKUP(A141,Sheet3!A:G,6,FALSE) -> 0
A142: Survey/Access to Services/If you are a recipient of food assistance, have you faced any constraints to access your food entitlements?/Lack of mahram | B142: =VLOOKUP(A142,Sheet3!A:G,3, FALSE) -> Access_to_Services_If_you_are_a_recipient_of_food_assistance,_have_you_faced_any_constraints_to_access_your_food_entitlements_Lack_of_mahram | C142: =VLOOKUP(A142,Sheet3!A:G,4,FALSE) -> Survey/Access to Services/If you are a recipient of food assistance, have you faced any constraints to access your food entitlements?/Lack of mahram | D142: =VLOOKUP(A142,Sheet3!A:G,5,FALSE) -> 0 | E142: =VLOOKUP(A142,Sheet3!A:G,6,FALSE) -> 0
A143: Survey/Access to Services/If you are a recipient of food assistance, have you faced any constraints to access your food entitlements?/Movement restrictions excluding mahram issues | B143: =VLOOKUP(A143,Sheet3!A:G,3, FALSE) -> Access_to_Services_If_you_are_a_recipient_of_food_assistance,_have_you_faced_any_constraints_to_access_your_food_entitlements_Movement_restrictions_excluding_mahram_issues | C143: =VLOOKUP(A143,Sheet3!A:G,4,FALSE) -> Survey/Access to Services/If you are a recipient of food assistance, have you faced any constraints to access your food entitlements?/Movement restrictions excluding mahram issues | D143: =VLOOKUP(A143,Sheet3!A:G,5,FALSE) -> 0 | E143: =VLOOKUP(A143,Sheet3!A:G,6,FALSE) -> 0
A144: Survey/Access to Services/If you are a recipient of food assistance, have you faced any constraints to access your food entitlements?/Accessibility challenges for PwD | B144: =VLOOKUP(A144,Sheet3!A:G,3, FALSE) -> Access_to_Services_If_you_are_a_recipient_of_food_assistance,_have_you_faced_any_constraints_to_access_your_food_entitlements_Accessibility_challenges_for_PwD | C144: =VLOOKUP(A144,Sheet3!A:G,4,FALSE) -> Survey/Access to Services/If you are a recipient of food assistance, have you faced any constraints to access your food entitlements?/Accessibility challenges for PwD | D144: =VLOOKUP(A144,Sheet3!A:G,5,FALSE) -> 0 | E144: =VLOOKUP(A144,Sheet3!A:G,6,FALSE) -> 0
A145: Survey/Access to Services/If you are a recipient of food assistance, have you faced any constraints to access your food entitlements?/Fear of (or actual) harassment or exploitation in exchange for assistance | B145: =VLOOKUP(A145,Sheet3!A:G,3, FALSE) -> Access_to_Services_If_you_are_a_recipient_of_food_assistance,_have_you_faced_any_constraints_to_access_your_food_entitlements_Fear_of_or_actual_harassment_or_exploitation_in_exchange_for_assistance | C145: =VLOOKUP(A145,Sheet3!A:G,4,FALSE) -> Survey/Access to Services/If you are a recipient of food assistance, have you faced any constraints to access your food entitlements?/Fear of (or actual) harassment or exploitation in exchange for assistance | D145: =VLOOKUP(A145,Sheet3!A:G,5,FALSE) -> 0 | E145: =VLOOKUP(A145,Sheet3!A:G,6,FALSE) -> 0
A146: Survey/Access to Services/If you are a recipient of food assistance, have you faced any constraints to access your food entitlements?/Other (specify) | B146: =VLOOKUP(A146,Sheet3!A:G,3, FALSE) -> Access_to_Services_If_you_are_a_recipient_of_food_assistance,_have_you_faced_any_constraints_to_access_your_food_entitlements_Other_specify | C146: =VLOOKUP(A146,Sheet3!A:G,4,FALSE) -> Survey/Access to Services/If you are a recipient of food assistance, have you faced any constraints to access your food entitlements?/Other (specify) | D146: =VLOOKUP(A146,Sheet3!A:G,5,FALSE) -> 0 | E146: =VLOOKUP(A146,Sheet3!A:G,6,FALSE) -> x
A147: Survey/Access to Services/If other, please specify | B147: =VLOOKUP(A147,Sheet3!A:G,3, FALSE) -> Access_to_Services_If_other,_please_specify | C147: =VLOOKUP(A147,Sheet3!A:G,4,FALSE) -> Survey/Access to Services/If other, please specify | D147: =VLOOKUP(A147,Sheet3!A:G,5,FALSE) -> 0 | E147: =VLOOKUP(A147,Sheet3!A:G,6,FALSE) -> x
A148: Survey/Access to Services/Do all the household members have easy access to access drinking water? | B148: =VLOOKUP(A148,Sheet3!A:G,3, FALSE) -> Access_to_Services_Do_all_the_household_members_have_easy_access_to_access_drinking_water | C148: =VLOOKUP(A148,Sheet3!A:G,4,FALSE) -> Survey/Access to Services/Do all the household members have easy access to access drinking water? | D148: =VLOOKUP(A148,Sheet3!A:G,5,FALSE) -> 0 | E148: =VLOOKUP(A148,Sheet3!A:G,6,FALSE) -> 0
A149: Survey/Access to Services/If no, why? | B149: =VLOOKUP(A149,Sheet3!A:G,3, FALSE) -> Access_to_Services_If_no,_why | C149: =VLOOKUP(A149,Sheet3!A:G,4,FALSE) -> Survey/Access to Services/If no, why? | D149: =VLOOKUP(A149,Sheet3!A:G,5,FALSE) -> 0 | E149: =VLOOKUP(A149,Sheet3!A:G,6,FALSE) -> 0
... A610: Survey/FGD/Child Protection (a child is considered to be anyone under 18 years of age)/Do you know which children (under 18) in the community do not live with their parents or the usual caregivers? | B610: =VLOOKUP(A610,Sheet3!A:G,3, FALSE) -> FGD_Child_Protection_a_child_is_considered_to_be_anyone_under_18_years_of_age_Do_you_know_which_children_under_18_in_the_community_do_not_live_with_their_parents_or_the_usual_caregivers | C610: =VLOOKUP(A610,Sheet3!A:G,4,FALSE) -> Survey/FGD/Child Protection (a child is considered to be anyone under 18 years of age)/Do you know which children (under 18) in the community do not live with their parents or the usual caregivers? | D610: =VLOOKUP(A610,Sheet3!A:G,5,FALSE) -> 0 | E610: =VLOOKUP(A610,Sheet3!A:G,6,FALSE) -> 0
A611: Survey/FGD/Child Protection (a child is considered to be anyone under 18 years of age)/With whom do they live? (If they mention the mother or the father, explain to the participants that we are in this section of the children who do not live with the mother or father) | B611: Survey_FGD_Child_Protection_Living_Arrangements_No_Mother_or_Father | C611: =VLOOKUP(A611,Sheet3!A:G,4,FALSE) -> #VALUE! | D611: =VLOOKUP(A611,Sheet3!A:G,5,FALSE) -> #VALUE! | E611: =VLOOKUP(A611,Sheet3!A:G,6,FALSE) -> #VALUE!
A612: Survey/FGD/Child Protection (a child is considered to be anyone under 18 years of age)/Do you know why children are separated from their parents or usual caregivers? How are these children considered in the community? | B612: =VLOOKUP(A612,Sheet3!A:G,3, FALSE) -> FGD_Child_Protection_a_child_is_considered_to_be_anyone_under_18_years_of_age_Do_you_know_why_children_are_separated_from_their_parents_or_usual_caregivers_How_are_these_children_considered_in_the_community | C612: =VLOOKUP(A612,Sheet3!A:G,4,FALSE) -> Survey/FGD/Child Protection (a child is considered to be anyone under 18 years of age)/Do you know why children are separated from their parents or usual caregivers? How are these children considered in the community? | D612: =VLOOKUP(A612,Sheet3!A:G,5,FALSE) -> 0 | E612: =VLOOKUP(A612,Sheet3!A:G,6,FALSE) -> 0
A613: Survey/FGD/Child Protection (a child is considered to be anyone under 18 years of age)/Are there any places where girls and boys (under 18) who do not live with their parents or caregivers can go to get support and assistance? | B613: =VLOOKUP(A613,Sheet3!A:G,3, FALSE) -> FGD_Child_Protection_a_child_is_considered_to_be_anyone_under_18_years_of_age_Are_there_any_places_where_girls_and_boys_under_18_who_do_not_live_with_their_parents_or_caregivers_can_go_to_get_support_and_assistance | C613: =VLOOKUP(A613,Sheet3!A:G,4,FALSE) -> Survey/FGD/Child Protection (a child is considered to be anyone under 18 years of age)/Are there any places where girls and boys (under 18) who do not live with their parents or caregivers can go to get support and assistance? | D613: =VLOOKUP(A613,Sheet3!A:G,5,FALSE) -> 0 | E613: =VLOOKUP(A613,Sheet3!A:G,6,FALSE) -> 0
A614: Survey/FGD/Child Protection (a child is considered to be anyone under 18 years of age)/If you can change one thing for boys and girls (under 18) in this community, what will it be? | B614: =VLOOKUP(A614,Sheet3!A:G,3, FALSE) -> FGD_Child_Protection_a_child_is_considered_to_be_anyone_under_18_years_of_age_If_you_can_change_one_thing_for_boys_and_girls_under_18_in_this_community,_what_will_it_be | C614: =VLOOKUP(A614,Sheet3!A:G,4,FALSE) -> Survey/FGD/Child Protection (a child is considered to be anyone under 18 years of age)/If you can change one thing for boys and girls (under 18) in this community, what will it be? | D614: =VLOOKUP(A614,Sheet3!A:G,5,FALSE) -> 0 | E614: =VLOOKUP(A614,Sheet3!A:G,6,FALSE) -> 0
A615: Survey/FGD/Social Cohesion/How do you describe the social relationship within the community? | B615: =VLOOKUP(A615,Sheet3!A:G,3, FALSE) -> FGD_Social_Cohesion_How_do_you_describe_the_social_relationship_within_the_community | C615: =VLOOKUP(A615,Sheet3!A:G,4,FALSE) -> Survey/FGD/Social Cohesion/How do you describe the social relationship within the community? | D615: =VLOOKUP(A615,Sheet3!A:G,5,FALSE) -> 0 | E615: =VLOOKUP(A615,Sheet3!A:G,6,FALSE) -> 0
A616: Survey/FGD/Social Cohesion/What are the reasons for maintaining this social relationship? | B616: =VLOOKUP(A616,Sheet3!A:G,3, FALSE) -> FGD_Social_Cohesion_What_are_the_reasons_for_maintaining_this_social_relationship | C616: =VLOOKUP(A616,Sheet3!A:G,4,FALSE) -> Survey/FGD/Social Cohesion/What are the reasons for maintaining this social relationship? | D616: =VLOOKUP(A616,Sheet3!A:G,5,FALSE) -> 0 | E616: =VLOOKUP(A616,Sheet3!A:G,6,FALSE) -> 0
A617: Survey/FGD/Social Cohesion/To whom do people go to settle community disputes?/Shura or jirga | B617: =VLOOKUP(A617,Sheet3!A:G,3, FALSE) -> FGD_Social_Cohesion_To_whom_do_people_go_to_settle_community_disputes_Shura_or_jirga | C617: =VLOOKUP(A617,Sheet3!A:G,4,FALSE) -> Survey/FGD/Social Cohesion/To whom do people go to settle community disputes?/Shura or jirga | D617: =VLOOKUP(A617,Sheet3!A:G,5,FALSE) -> 0 | E617: =VLOOKUP(A617,Sheet3!A:G,6,FALSE) -> 0
A618: Survey/FGD/Social Cohesion/To whom do people go to settle community disputes?/Religious leaders | B618: =VLOOKUP(A618,Sheet3!A:G,3, FALSE) -> FGD_Social_Cohesion_To_whom_do_people_go_to_settle_community_disputes_Religious_leaders | C618: =VLOOKUP(A618,Sheet3!A:G,4,FALSE) -> Survey/FGD/Social Cohesion/To whom do people go to settle community disputes?/Religious leaders | D618: =VLOOKUP(A618,Sheet3!A:G,5,FALSE) -> 0 | E618: =VLOOKUP(A618,Sheet3!A:G,6,FALSE) -> 0
A619: Survey/FGD/Social Cohesion/To whom do people go to settle community disputes?/Mullahs | B619: =VLOOKUP(A619,Sheet3!A:G,3, FALSE) -> FGD_Social_Cohesion_To_whom_do_people_go_to_settle_community_disputes_Mullahs | C619: =VLOOKUP(A619,Sheet3!A:G,4,FALSE) -> Survey/FGD/Social Cohesion/To whom do people go to settle community disputes?/Mullahs | D619: =VLOOKUP(A619,Sheet3!A:G,5,FALSE) -> 0 | E619: =VLOOKUP(A619,Sheet3!A:G,6,FALSE) -> 0
A620: Survey/FGD/Social Cohesion/To whom do people go to settle community disputes?/No dispute in community | B620: =VLOOKUP(A620,Sheet3!A:G,3, FALSE) -> FGD_Social_Cohesion_To_whom_do_people_go_to_settle_community_disputes_No_dispute_in_community | C620: =VLOOKUP(A620,Sheet3!A:G,4,FALSE) -> Survey/FGD/Social Cohesion/To whom do people go to settle community disputes?/No dispute in community | D620: =VLOOKUP(A620,Sheet3!A:G,5,FALSE) -> 0 | E620: =VLOOKUP(A620,Sheet3!A:G,6,FALSE) -> 0
A621: Survey/FGD/Social Cohesion/To whom do people go to settle community disputes?/Elders | B621: =VLOOKUP(A621,Sheet3!A:G,3, FALSE) -> FGD_Social_Cohesion_To_whom_do_people_go_to_settle_community_disputes_Elders | C621: =VLOOKUP(A621,Sheet3!A:G,4,FALSE) -> Survey/FGD/Social Cohesion/To whom do people go to settle community disputes?/Elders | D621: =VLOOKUP(A621,Sheet3!A:G,5,FALSE) -> 0 | E621: =VLOOKUP(A621,Sheet3!A:G,6,FALSE) -> 0
A622: Survey/FGD/Social Cohesion/To whom do people go to settle community disputes?/Police | B622: =VLOOKUP(A622,Sheet3!A:G,3, FALSE) -> FGD_Social_Cohesion_To_whom_do_people_go_to_settle_community_disputes_Police | C622: =VLOOKUP(A622,Sheet3!A:G,4,FALSE) -> Survey/FGD/Social Cohesion/To whom do people go to settle community disputes?/Police | D622: =VLOOKUP(A622,Sheet3!A:G,5,FALSE) -> 0 | E622: =VLOOKUP(A622,Sheet3!A:G,6,FALSE) -> 0
A623: Survey/FGD/Social Cohesion/To whom do people go to settle community disputes?/Law Courts | B623: =VLOOKUP(A623,Sheet3!A:G,3, FALSE) -> FGD_Social_Cohesion_To_whom_do_people_go_to_settle_community_disputes_Law_Courts | C623: =VLOOKUP(A623,Sheet3!A:G,4,FALSE) -> Survey/FGD/Social Cohesion/To whom do people go to settle community disputes?/Law Courts | D623: =VLOOKUP(A623,Sheet3!A:G,5,FALSE) -> 0 | E623: =VLOOKUP(A623,Sheet3!A:G,6,FALSE) -> 0
... A803: _index | B803: =VLOOKUP(A803,Sheet3!A:G,3, FALSE) -> _index | C803: =VLOOKUP(A803,Sheet3!A:G,4,FALSE) -> _index | D803: =VLOOKUP(A803,Sheet3!A:G,5,FALSE) -> 0 | E803: =VLOOKUP(A803,Sheet3!A:G,6,FALSE) -> x

Sheet Sheet3
A1: var_names_raw | B1: type | C1: var_names | D1: var_labels | E1: curation | F1: del | G1: status
A2: start | B2: metadata | C2: start | D2: start | F2: x
A3: end | B3: metadata | C3: end | D3: end | F3: x
A4: today | B4: metadata | C4: today | D4: today | F4: x
A5: username | B5: metadata | C5: username | D5: username | F5: x
A6: deviceid | B6: metadata | C6: deviceid | D6: deviceid | F6: x
A7: What type of survey/Communication activity are you conducting? | B7: type | C7: Communication_activity_are_you_conducting | D7: What type of survey/Communication activity are you conducting?
A8: Do not read out the options but listen to the interviewee and choose the most applicable options for all questions | B8: metadata | C8: Do_not_read_out_the_options_but_listen_to_the_interviewee_and_choose_the_most_applicable_options_for_all_questions | D8: Do not read out the options but listen to the interviewee and choose the most applicable options for all questions | F8: x
A9: METADATA: to be filled in by Interviewer BEFORE the interview/Organization of Monitor | B9: metadata | C9: Organization_of_Monitor | D9: METADATA: to be filled in by Interviewer BEFORE the interview/Organization of Monitor | F9: x
A10: METADATA: to be filled in by Interviewer BEFORE the interview/Name of other organization | B10: metadata | C10: Name_of_other_organization | D10: METADATA: to be filled in by Interviewer BEFORE the interview/Name of other organization
A11: METADATA: to be filled in by Interviewer BEFORE the interview/Interviewer Name | B11: metadata | C11: Interviewer_Name | D11: METADATA: to be filled in by Interviewer BEFORE the interview/Interviewer Name | F11: x
A12: METADATA: to be filled in by Interviewer BEFORE the interview/Interviewer Gender | B12: metadata | C12: Interviewer_Gender | D12: METADATA: to be filled in by Interviewer BEFORE the interview/Interviewer Gender | F12: x
A13: METADATA: to be filled in by Interviewer BEFORE the interview/Province where interview is occurring | B13: metadata | C13: Province_where_interview_is_occurring | D13: METADATA: to be filled in by Interviewer BEFORE the interview/Province where interview is occurring | F13: x
A14: METADATA: to be filled in by Interviewer BEFORE the interview/District | B14: metadata | C14: District | D14: METADATA: to be filled in by Interviewer BEFORE the interview/District | F14: x
A15: METADATA: to be filled in by Interviewer BEFORE the interview/Neighbourhood/location name | B15: metadata | C15: Neighbourhood | D15: METADATA: to be filled in by Interviewer BEFORE the interview/Neighbourhood/location name | F15: x
A16: METADATA: to be filled in by Interviewer BEFORE the interview/Site | B16: metadata | C16: Site | D16: METADATA: to be filled in by Interviewer BEFORE the interview/Site | F16: x
A17: METADATA: to be filled in by Interviewer BEFORE the interview/Type of site | B17: metadata | C17: Type_of_site | D17: METADATA: to be filled in by Interviewer BEFORE the interview/Type of site | F17: x
A18: METADATA: to be filled in by Interviewer BEFORE the interview/How is the assessment conducted? | B18: metadata | C18: How_is_the_assessment_conducted | D18: METADATA: to be filled in by Interviewer BEFORE the interview/How is the assessment conducted? | F18: x
A19: METADATA: to be filled in by Interviewer BEFORE the interview/Consent given? | B19: metadata | C19: Consent_given | D19: METADATA: to be filled in by Interviewer BEFORE the interview/Consent given? | E19: check | F19: x | G19: done
A20: Biodata/Are you head of household? | B20: biodata | C20: Are_you_head_of_household | D20: Biodata/Are you head of household?
A21: Biodata/Gender of Respondent | B21: biodata | C21: Gender_of_Respondent | D21: Biodata/Gender of Respondent | E21: key var
A22: Biodata/Status | B22: biodata | C22: Status | D22: Biodata/Status | E22: key var
A23: Biodata/Where in Afghanistan are you from? Province: | B23: biodata | C23: Where_in_Afghanistan_are_you_from_Province | D23: Biodata/Where in Afghanistan are you from? Province: | E23: key var
A24: Biodata/Where in Afghanistan are you from? District: | B24: biodata | C24: Where_in_Afghanistan_are_you_from_District: | D24: Biodata/Where in Afghanistan are you from? District: | F24: x
A25: Biodata/What is your age group? | B25: biodata | C25: What_is_your_age_group | D25: Biodata/What is your age group? | E25: key var
A26: Biodata/Key informant type | B26: biodata | C26: Key_informant_type | D26: Biodata/Key informant type | E26: check
A27: Biodata/If Other, Describe: | B27: biodata | C27: If_Other,_Describe: | D27: Biodata/If Other, Describe: | F27: x
A28: Biodata/Is KI IDP, Host Community, Returnee, Refugee | B28: biodata | C28: Is_KI_IDP_Host_Community_Returnee_Refugee | D28: Biodata/Is KI IDP, Host Community, Returnee, Refugee | E28: key var
A29: Biodata/What is your marital status? | B29: biodata | C29: What_is_your_marital_status | D29: Biodata/What is your marital status?
A30: Biodata/If you are a widow of Martyr, do you have Social Martyrdom Certiﬁcate? | B30: biodata | C30: If_you_are_a_widow_of_Martyr,_do_you_have_Social_Martyrdom_Certiﬁcate | D30: Biodata/If you are a widow of Martyr, do you have Social Martyrdom Certiﬁcate?
A31: Biodata/What is your occupation/what is your source of income? | B31: biodata | C31: What_is_your_occupation | D31: Biodata/What is your occupation/what is your source of income?
A32: Biodata/If Other, Describe: | B32: biodata | C32: If_Other,_Describe: | D32: Biodata/If Other, Describe: | F32: x
A33: Biodata/What is the size of your family? | B33: biodata | C33: What_is_the_size_of_your_family | D33: Biodata/What is the size of your family? | F33: x
A34: Biodata/How old are they/Male 0-6 years | B34: biodata | C34: How_old_are_they_Male_0_6_years | D34: Biodata/How old are they/Male 0-6 years | F34: x
A35: Biodata/How old are they/Male 7-14 years | B35: biodata | C35: How_old_are_they_Male_7_14_years | D35: Biodata/How old are they/Male 7-14 years | F35: x
A36: Biodata/How old are they/Male 15-17 years | B36: biodata | C36: How_old_are_they_Male_15_17_years | D36: Biodata/How old are they/Male 15-17 years | F36: x
A37: Biodata/How old are they/Male 18-59 years | B37: biodata | C37: How_old_are_they_Male_18_59_years | D37: Biodata/How old are they/Male 18-59 years | F37: x
A38: Biodata/How old are they/Male 60+ | B38: biodata | C38: How_old_are_they_Male_60+ | D38: Biodata/How old are they/Male 60+ | F38: x
A39: Biodata/How old are they/Female 0-6 years | B39: biodata | C39: How_old_are_they_Female_0_6_years | D39: Biodata/How old are they/Female 0-6 years | F39: x
A40: Biodata/How old are they/Female 7-14 years | B40: biodata | C40: How_old_are_they_Female_7_14_years | D40: Biodata/How old are they/Female 7-14 years | F40: x
A41: Biodata/How old are they/Female 15-17 years | B41: biodata | C41: How_old_are_they_Female_15_17_years | D41: Biodata/How old are they/Female 15-17 years | F41: x
A42: Biodata/How old are they/Female 18-59 years | B42: biodata | C42: How_old_are_they_Female_18_59_years | D42: Biodata/How old are they/Female 18-59 years | F42: x
A43: Biodata/How old are they/Female 60+ | B43: biodata | C43: How_old_are_they_Female_60+ | D43: Biodata/How old are they/Female 60+ | F43: x
A44: Biodata/Do you have unmarried sons and/or daughters living with you? | B44: biodata | C44: Do_you_have_unmarried_sons_and_or_daughters_living_with_you | D44: Biodata/Do you have unmarried sons and/or daughters living with you?
A45: Biodata/Do you take care of children who are not your own in your home? | B45: biodata | C45: Do_you_take_care_of_children_who_are_not_your_own_in_your_home_ | D45: Biodata/Do you take care of children who are not your own in your home?
A46: Survey/HOUSEHOLD SURVEY | B46: survey | C46: HOUSEHOLD_SURVEY | D46: Survey/HOUSEHOLD SURVEY | F46: x
A47: Survey/KEY INFORMANT SURVEY | B47: survey | C47: KEY_INFORMANT_SURVEY | D47: Survey/KEY INFORMANT SURVEY | F47: x
A48: Survey/FOCUS GROUP SURVEY | B48: survey | C48: FOCUS_GROUP_SURVEY | D48: Survey/FOCUS GROUP SURVEY | F48: x
A49: Survey/EVI/PSN/Do any of the following apply to the head of the household? (Including OBSERVATION)/Persons with life-threatening health issues | B49: survey | C49: EVI_PSN_Do_any_of_the_following_apply_to_the_head_of_the_household_Including_OBSERVATION_Persons_with_life_threatening_health_issues | D49: Survey/EVI/PSN/Do any of the following apply to the head of the household? (Including OBSERVATION)/Persons with life-threatening health issues
A50: Survey/EVI/PSN/Do any of the following apply to the head of the household? (Including OBSERVATION)/Legal protection and security needs | B50: survey | C50: EVI_PSN_Do_any_of_the_following_apply_to_the_head_of_the_household_Including_OBSERVATION_Legal_protection_and_security_needs | D50: Survey/EVI/PSN/Do any of the following apply to the head of the household? (Including OBSERVATION)/Legal protection and security needs
A51: Survey/EVI/PSN/Do any of the following apply to the head of the household? (Including OBSERVATION)/School dropouts | B51: survey | C51: EVI_PSN_Do_any_of_the_following_apply_to_the_head_of_the_household_Including_OBSERVATION_School_dropouts | D51: Survey/EVI/PSN/Do any of the following apply to the head of the household? (Including OBSERVATION)/School dropouts
A52: Survey/EVI/PSN/Do any of the following apply to the head of the household? (Including OBSERVATION)/Unable to work (Disability/age) | B52: survey | C52: EVI_PSN_Do_any_of_the_following_apply_to_the_head_of_the_household_Including_OBSERVATION_Unable_to_work_Disability_age | D52: Survey/EVI/PSN/Do any of the following apply to the head of the household? (Including OBSERVATION)/Unable to work (Disability/age) | E52: dummy
A53: Survey/EVI/PSN/Do any of the following apply to the head of the household? (Including OBSERVATION)/Child involved with armed group | B53: survey | C53: EVI_PSN_Do_any_of_the_following_apply_to_the_head_of_the_household_Including_OBSERVATION_Child_involved_with_armed_group | D53: Survey/EVI/PSN/Do any of the following apply to the head of the household? (Including OBSERVATION)/Child involved with armed group
A54: Survey/EVI/PSN/Do any of the following apply to the head of the household? (Including OBSERVATION)/In need of family tracing or re-unification headed household | B54: survey | C54: EVI_PSN_Do_any_of_the_following_apply_to_the_head_of_the_household_Including_OBSERVATION_In_need_of_family_tracing_or_re_unification_headed_household | D54: Survey/EVI/PSN/Do any of the following apply to the head of the household? (Including OBSERVATION)/In need of family tracing or re-unification headed household
A55: Survey/EVI/PSN/Do any of the following apply to the head of the household? (Including OBSERVATION)/Drug dependence | B55: survey | C55: EVI_PSN_Do_any_of_the_following_apply_to_the_head_of_the_household_Including_OBSERVATION_Drug_dependence | D55: Survey/EVI/PSN/Do any of the following apply to the head of the household? (Including OBSERVATION)/Drug dependence
A56: Survey/EVI/PSN/Do any of the following apply to the head of the household? (Including OBSERVATION)/None | B56: survey | C56: EVI_PSN_Do_any_of_the_following_apply_to_the_head_of_the_household_Including_OBSERVATION_None | D56: Survey/EVI/PSN/Do any of the following apply to the head of the household? (Including OBSERVATION)/None
A57: Survey/EVI/PSN/Do any of the following apply to the head of the household? (Including OBSERVATION)/Other (specify) | B57: survey | C57: EVI_PSN_Do_any_of_the_following_apply_to_the_head_of_the_household_Including_OBSERVATION_Other_specify | D57: Survey/EVI/PSN/Do any of the following apply to the head of the household? (Including OBSERVATION)/Other (specify) | F57: x
A58: Survey/EVI/PSN/If other, please specify | B58: survey | C58: EVI_PSN_If_other,_please_specify | D58: Survey/EVI/PSN/If other, please specify | F58: x
A59: Survey/EVI/PSN/Do any of the following apply to the members of the household? (Including OBSERVATION)/Persons with life-threatening health issues | B59: survey | C59: EVI_PSN_Do_any_of_the_following_apply_to_the_members_of_the_household_Including_OBSERVATION_Persons_with_life_threatening_health_issues | D59: Survey/EVI/PSN/Do any of the following apply to the members of the household? (Including OBSERVATION)/Persons with life-threatening health issues
A60: Survey/EVI/PSN/Do any of the following apply to the members of the household? (Including OBSERVATION)/Legal protection and security needs | B60: survey | C60: EVI_PSN_Do_any_of_the_following_apply_to_the_members_of_the_household_Including_OBSERVATION_Legal_protection_and_security_needs | D60: Survey/EVI/PSN/Do any of the following apply to the members of the household? (Including OBSERVATION)/Legal protection and security needs
A61: Survey/EVI/PSN/Do any of the following apply to the members of the household? (Including OBSERVATION)/School dropouts | B61: survey | C61: EVI_PSN_Do_any_of_the_following_apply_to_the_members_of_the_household_Including_OBSERVATION_School_dropouts | D61: Survey/EVI/PSN/Do any of the following apply to the members of the household? (Including OBSERVATION)/School dropouts
A62: Survey/EVI/PSN/Do any of the following apply to the members of the household? (Including OBSERVATION)/Unable to work (Disability/age) | B62: survey | C62: EVI_PSN_Do_any_of_the_following_apply_to_the_members_of_the_household_Including_OBSERVATION_Unable_to_work_Disability_age | D62: Survey/EVI/PSN/Do any of the following apply to the members of the household? (Including OBSERVATION)/Unable to work (Disability/age) | E62: dummy
A63: Survey/EVI/PSN/Do any of the following apply to the members of the household? (Including OBSERVATION)/Child involved with armed group | B63: survey | C63: EVI_PSN_Do_any_of_the_following_apply_to_the_members_of_the_household_Including_OBSERVATION_Child_involved_with_armed_group | D63: Survey/EVI/PSN/Do any of the following apply to the members of the household? (Including OBSERVATION)/Child involved with armed group
A64: Survey/EVI/PSN/Do any of the following apply to the members of the household? (Including OBSERVATION)/In need of family tracing or re-unification headed household | B64: survey | C64: EVI_PSN_Do_any_of_the_following_apply_to_the_members_of_the_household_Including_OBSERVATION_In_need_of_family_tracing_or_re_unification_headed_household | D64: Survey/EVI/PSN/Do any of the following apply to the members of the household? (Including OBSERVATION)/In need of family tracing or re-unification headed household
A65: Survey/EVI/PSN/Do any of the following apply to the members of the household? (Including OBSERVATION)/Drug dependence | B65: survey | C65: EVI_PSN_Do_any_of_the_following_apply_to_the_members_of_the_household_Including_OBSERVATION_Drug_dependence | D65: Survey/EVI/PSN/Do any of the following apply to the members of the household? (Including OBSERVATION)/Drug dependence
A66: Survey/EVI/PSN/Do any of the following apply to the members of the household? (Including OBSERVATION)/None | B66: survey | C66: EVI_PSN_Do_any_of_the_following_apply_to_the_members_of_the_household_Including_OBSERVATION_None | D66: Survey/EVI/PSN/Do any of the following apply to the members of the household? (Including OBSERVATION)/None
A67: Survey/EVI/PSN/Do any of the following apply to the members of the household? (Including OBSERVATION)/Other (specify) | B67: survey | C67: EVI_PSN_Do_any_of_the_following_apply_to_the_members_of_the_household_Including_OBSERVATION_Other_specify | D67: Survey/EVI/PSN/Do any of the following apply to the members of the household? (Including OBSERVATION)/Other (specify) | F67: x
A68: Survey/EVI/PSN/If other, please specify | B68: survey | C68: EVI_PSN_If_other,_please_specify | D68: Survey/EVI/PSN/If other, please specify | F68: x
A69: Survey/Washington Group Questions on Disability/Is there any family member of the household having diﬃculty seeing, even if you have glasses? | B69: survey | C69: Washington_Group_Questions_on_Disability_Is_there_any_family_member_of_the_household_having_diﬃculty_seeing_even_if_you_have_glasses | D69: Survey/Washington Group Questions on Disability/Is there any family member of the household having diﬃculty seeing, even if you have glasses? | E69: dummy
A70: Survey/Washington Group Questions on Disability/Is there any family member of the household having difficulty hearing, even if using a hearing aid? | B70: survey | C70: Washington_Group_Questions_on_Disability_Is_there_any_family_member_of_the_household_having_difficulty_hearing_even_if_using_a_hearing_aid | D70: Survey/Washington Group Questions on Disability/Is there any family member of the household having difficulty hearing, even if using a hearing aid? | E70: dummy
A71: Survey/Washington Group Questions on Disability/Is there any family member of the household having difficulty walking or climbing steps? | B71: survey | C71: Washington_Group_Questions_on_Disability_Is_there_any_family_member_of_the_household_having_difficulty_walking_or_climbing_steps | D71: Survey/Washington Group Questions on Disability/Is there any family member of the household having difficulty walking or climbing steps? | E71: dummy
A72: Survey/Washington Group Questions on Disability/Is there any family member of the household having difficulty remembering or concentrating? | B72: survey | C72: Washington_Group_Questions_on_Disability_Is_there_any_family_member_of_the_household_having_difficulty_remembering_or_concentrating | D72: Survey/Washington Group Questions on Disability/Is there any family member of the household having difficulty remembering or concentrating? | E72: dummy
A73: Survey/Washington Group Questions on Disability/Is there any family member of the household having difficulty (with self-care such as) washing all over or dressing? | B73: survey | C73: Washington_Group_Questions_on_Disability_Is_there_any_family_member_of_the_household_having_difficulty_with_self_care_such_as_washing_all_over_or_dressing | D73: Survey/Washington Group Questions on Disability/Is there any family member of the household having difficulty (with self-care such as) washing all over or dressing? | E73: dummy
A74: Survey/Washington Group Questions on Disability/Using usual (customary) language, Is there any family member of the household having difficulty communicating, for example understanding or being understood? | B74: survey | C74: Washington_Group_Questions_on_Disability_Using_usual_customary_language,_Is_there_any_family_member_of_the_household_having_difficulty_communicating_for_example_understanding_or_being_understood | D74: Survey/Washington Group Questions on Disability/Using usual (customary) language, Is there any family member of the household having difficulty communicating, for example understanding or being understood? | E74: dummy
A75: Survey/Washington Group Questions on Disability/Do you/your family member with disability have a Social Disability Protection Certiﬁcate? | B75: survey | C75: Washington_Group_Questions_on_Disability_Do_you_your_family_member_with_disability_have_a_Social_Disability_Protection_Certiﬁcate | D75: Survey/Washington Group Questions on Disability/Do you/your family member with disability have a Social Disability Protection Certiﬁcate? | E75: dummy
A76: Survey/Psychosocial /Mental health Issues/Have you or your family experienced feelings of stress that affected your day to day life such as sleep or physical symptoms) | B76: survey | C76: Psychosocial_Mental_health_Issues_Have_you_or_your_family_experienced_feelings_of_stress_that_affected_your_day_to_day_life_such_as_sleep_or_physical_symptoms | D76: Survey/Psychosocial /Mental health Issues/Have you or your family experienced feelings of stress that affected your day to day life such as sleep or physical symptoms)
A77: Survey/Psychosocial /Mental health Issues/What is the cause of the stress?/Armed conﬂict | B77: survey | C77: Psychosocial_Mental_health_Issues_What_is_the_cause_of_the_stress_Armed_conﬂict | D77: Survey/Psychosocial /Mental health Issues/What is the cause of the stress?/Armed conﬂict
A78: Survey/Psychosocial /Mental health Issues/What is the cause of the stress?/Community tension | B78: survey | C78: Psychosocial_Mental_health_Issues_What_is_the_cause_of_the_stress_Community_tension | D78: Survey/Psychosocial /Mental health Issues/What is the cause of the stress?/Community tension
A79: Survey/Psychosocial /Mental health Issues/What is the cause of the stress?/Family violence | B79: survey | C79: Psychosocial_Mental_health_Issues_What_is_the_cause_of_the_stress_Family_violence | D79: Survey/Psychosocial /Mental health Issues/What is the cause of the stress?/Family violence
A80: Survey/Psychosocial /Mental health Issues/What is the cause of the stress?/Out of school | B80: survey | C80: Psychosocial_Mental_health_Issues_What_is_the_cause_of_the_stress_Out_of_school | D80: Survey/Psychosocial /Mental health Issues/What is the cause of the stress?/Out of school
A81: Survey/Psychosocial /Mental health Issues/What is the cause of the stress?/Denied access to education | B81: survey | C81: Psychosocial_Mental_health_Issues_What_is_the_cause_of_the_stress_Denied_access_to_education | D81: Survey/Psychosocial /Mental health Issues/What is the cause of the stress?/Denied access to education
A82: Survey/Psychosocial /Mental health Issues/What is the cause of the stress?/Child labour | B82: survey | C82: Psychosocial_Mental_health_Issues_What_is_the_cause_of_the_stress_Child_labour | D82: Survey/Psychosocial /Mental health Issues/What is the cause of the stress?/Child labour
A83: Survey/Psychosocial /Mental health Issues/What is the cause of the stress?/Physical health problems | B83: survey | C83: Psychosocial_Mental_health_Issues_What_is_the_cause_of_the_stress_Physical_health_problems | D83: Survey/Psychosocial /Mental health Issues/What is the cause of the stress?/Physical health problems
A84: Survey/Psychosocial /Mental health Issues/What is the cause of the stress?/Denial of services and opportunities excluding education | B84: survey | C84: Psychosocial_Mental_health_Issues_What_is_the_cause_of_the_stress_Denial_of_services_and_opportunities_excluding_education | D84: Survey/Psychosocial /Mental health Issues/What is the cause of the stress?/Denial of services and opportunities excluding education
A85: Survey/Psychosocial /Mental health Issues/What is the cause of the stress?/Physical and emotional abuse in the family | B85: survey | C85: Psychosocial_Mental_health_Issues_What_is_the_cause_of_the_stress_Physical_and_emotional_abuse_in_the_family | D85: Survey/Psychosocial /Mental health Issues/What is the cause of the stress?/Physical and emotional abuse in the family
A86: Survey/Psychosocial /Mental health Issues/What is the cause of the stress?/child/ forced marriage | B86: survey | C86: Psychosocial_Mental_health_Issues_What_is_the_cause_of_the_stress_child_forced_marriage | D86: Survey/Psychosocial /Mental health Issues/What is the cause of the stress?/child/ forced marriage
A87: Survey/Psychosocial /Mental health Issues/What is the cause of the stress?/Unavailability or lack of access to services | B87: survey | C87: Psychosocial_Mental_health_Issues_What_is_the_cause_of_the_stress_Unavailability_or_lack_of_access_to_services | D87: Survey/Psychosocial /Mental health Issues/What is the cause of the stress?/Unavailability or lack of access to services
... A89: Survey/Psychosocial /Mental health Issues/What is the cause of the stress?/Lack of employment and Severe economic hardship | B89: survey | C89: Psychosocial_Mental_health_Issues_What_is_the_cause_of_the_stress_Lack_of_employment_and_Severe_economic_hardship | D89: Survey/Psychosocial /Mental health Issues/What is the cause of the stress?/Lack of employment and Severe economic hardship
A90: Survey/Psychosocial /Mental health Issues/What is the cause of the stress?/Other (specify) | B90: survey | C90: Psychosocial_Mental_health_Issues_What_is_the_cause_of_the_stress_Other_specify | D90: Survey/Psychosocial /Mental health Issues/What is the cause of the stress?/Other (specify) | F90: x
A91: Survey/Psychosocial /Mental health Issues/Please explain | B91: survey | C91: Psychosocial_Mental_health_Issues_Please_explain | D91: Survey/Psychosocial /Mental health Issues/Please explain
A92: Survey/Psychosocial /Mental health Issues/Have you noticed negative changes in the behaviour of children in your household in the last 3 months? | B92: survey | C92: Psychosocial_Mental_health_Issues_Have_you_noticed_negative_changes_in_the_behaviour_of_children_in_your_household_in_the_last_3_months | D92: Survey/Psychosocial /Mental health Issues/Have you noticed negative changes in the behaviour of children in your household in the last 3 months?
A93: Survey/Psychosocial /Mental health Issues/What kind?(script -these are confidential questions and sensitive but we ask them routinely)/Withdrawn | B93: survey | C93: Psychosocial_Mental_health_Issues_What_kind_script_these_are_confidential_questions_and_sensitive_but_we_ask_them_routinely_Withdrawn | D93: Survey/Psychosocial /Mental health Issues/What kind?(script -these are confidential questions and sensitive but we ask them routinely)/Withdrawn
A94: Survey/Psychosocial /Mental health Issues/What kind?(script -these are confidential questions and sensitive but we ask them routinely)/Violent / aggressive | B94: survey | C94: Psychosocial_Mental_health_Issues_What_kind_script_these_are_confidential_questions_and_sensitive_but_we_ask_them_routinely_Violent_aggressive | D94: Survey/Psychosocial /Mental health Issues/What kind?(script -these are confidential questions and sensitive but we ask them routinely)/Violent / aggressive
A95: Survey/Psychosocial /Mental health Issues/What kind?(script -these are confidential questions and sensitive but we ask them routinely)/Eating disorder | B95: survey | C95: Psychosocial_Mental_health_Issues_What_kind_script_these_are_confidential_questions_and_sensitive_but_we_ask_them_routinely_Eating_disorder | D95: Survey/Psychosocial /Mental health Issues/What kind?(script -these are confidential questions and sensitive but we ask them routinely)/Eating disorder
A96: Survey/Psychosocial /Mental health Issues/What kind?(script -these are confidential questions and sensitive but we ask them routinely)/Self harm | B96: survey | C96: Psychosocial_Mental_health_Issues_What_kind_script_these_are_confidential_questions_and_sensitive_but_we_ask_them_routinely_Self_harm | D96: Survey/Psychosocial /Mental health Issues/What kind?(script -these are confidential questions and sensitive but we ask them routinely)/Self harm
A97: Survey/Psychosocial /Mental health Issues/What kind?(script -these are confidential questions and sensitive but we ask them routinely)/Appearing sad | B97: survey | C97: Psychosocial_Mental_health_Issues_What_kind_script_these_are_confidential_questions_and_sensitive_but_we_ask_them_routinely_Appearing_sad | D97: Survey/Psychosocial /Mental health Issues/What kind?(script -these are confidential questions and sensitive but we ask them routinely)/Appearing sad
A98: Survey/Psychosocial /Mental health Issues/What kind?(script -these are confidential questions and sensitive but we ask them routinely)/Appearing stressed | B98: survey | C98: Psychosocial_Mental_health_Issues_What_kind_script_these_are_confidential_questions_and_sensitive_but_we_ask_them_routinely_Appearing_stressed | D98: Survey/Psychosocial /Mental health Issues/What kind?(script -these are confidential questions and sensitive but we ask them routinely)/Appearing stressed
A99: Survey/Psychosocial /Mental health Issues/What kind?(script -these are confidential questions and sensitive but we ask them routinely)/Suicidal tendencies | B99: survey | C99: Psychosocial_Mental_health_Issues_What_kind_script_these_are_confidential_questions_and_sensitive_but_we_ask_them_routinely_Suicidal_tendencies | D99: Survey/Psychosocial /Mental health Issues/What kind?(script -these are confidential questions and sensitive but we ask them routinely)/Suicidal tendencies
A100: Survey/Psychosocial /Mental health Issues/What kind?(script -these are confidential questions and sensitive but we ask them routinely)/Other (specify) | B100: survey | C100: Psychosocial_Mental_health_Issues_What_kind_script_these_are_confidential_questions_and_sensitive_but_we_ask_them_routinely_Other_specify | D100: Survey/Psychosocial /Mental health Issues/What kind?(script -these are confidential questions and sensitive but we ask them routinely)/Other (specify) | F100: x
A101: Survey/Psychosocial /Mental health Issues/Please explain | B101: survey | C101: Psychosocial_Mental_health_Issues_Please_explain | D101: Survey/Psychosocial /Mental health Issues/Please explain
...
